 Dungeon Crawl Stone Soup version 0.27-a0-1308-gc08437e49b (webtiles) character file.

Game seed: 4883860237460957118

189 spiderkeys the Distorting Octopus (level 5, -1/36 HPs)
             Began as an Octopode Abyssal Knight on June 19, 2021.
             Was a Believer of Lugonu.
             Killed by divine providence
             ... invoked by an orc priest
              (12 damage)
             ... on level 3 of the Dungeon.
             The game lasted 00:05:44 (2663 turns).

spiderkeys the Distorting Octopus (OpAK)            Turns: 2663, Time: 00:05:44

Health: -1/36      AC:  1    Str: 11    XL:     5   Next: 68%
Magic:  1/8        EV: 14    Int: 16    God:    Lugonu [**....]
Gold:   185        SH:  0    Dex: 17    Spells: 6/8 levels left

rFire    . . .     SeeInvis +   a - +2 spear
rCold    . . .     Faith    .   (no shield)
rNeg     . . .     Spirit   .   (helmet restricted)
rPois    .         Reflect  .   (no amulet)
rElec    .         Harm     .   v - ring of see invisible
rCorr    .         Rampage  .   Z - ring of wizardry
Will     .....     Rnd*Rage +   D - +6 ring of dexterity
Stlth    +++.......             (no ring)
HPRegen  0.12/turn              (no ring)
MPRegen  0.11/turn              (no ring)
                                (no ring)
                                (no ring)

@: flying
A: almost no armour, amphibious, 8 rings, camouflage 1, gelatinous body 1,
(nimble swimmer 1), tentacles, [berserk 1]
a: Renounce Religion, Depart the Abyss, Bend Space


You were on level 3 of the Dungeon.
You worshipped Lugonu.
Lugonu was pleased with you.
You visited 1 branch of the dungeon, and saw 3 of its levels.
You visited the Abyss 1 time.
You also visited: Sewer.

You collected 185 gold pieces.


Innate Abilities, Weirdness & Mutations

You cannot wear most types of armour.
You are amphibious.
You can wear up to eight rings at the same time.
Your skin changes colour to match your surroundings (Stealth+).
Your rubbery body absorbs attacks. (AC +1, EV +1)
((You are camouflaged near water. (Stealth+)))
You have tentacles for arms and can constrict up to eight enemies at once.
[You tend to lose your temper in combat.]


   Skills:
 - Level 3.0 Fighting
 - Level 2.0 Polearms
 - Level 2.4 Dodging
 + Level 2.2 Spellcasting
 * Level 3.2 Conjurations
 + Level 3.5 Invocations


You had 6 spell levels left.
You knew the following spells:

 Your Spells              Type           Power      Damage    Failure   Level
b - Beastly Appendage     Tmut           2%         N/A       9%          1
m - Magic Dart            Conj           48%        1d5       2%          1

Your spell library contained the following spells:

 Spells                   Type           Power      Damage    Failure   Level
 Sandblast                Erth           2%         2d4       9%          1
 Blink                    Tloc           N/A        N/A       12%         2
 Call Imp                 Summ           1%         N/A       12%         2
 Passwall                 Tmut/Erth      0%         N/A       12%         2
 Slow                     Hex            1%         N/A       12%         2
 Wereblood                Tmut           1%         N/A       12%         2
 Conjure Flame            Conj/Fire      7%         6-21      12%         3
 Stone Arrow              Conj/Erth      14%        3d7       12%         3
 Mephitic Cloud           Conj/Pois/Air  5%         N/A       16%         3
 Spider Form              Tmut/Pois      0%         N/A       24%         3
 Cause Fear               Hex            0%         N/A       58%         4
 Ice Form                 Ice/Tmut       1%         N/A       58%         4
 Petrify                  Tmut/Erth      1%         N/A       58%         4
 Lee's Rapid Deconstruct  Erth           0%         3d5*      89%         5
 Silence                  Hex/Air        0%         N/A       89%         5
 Yara's Violent Unravell  Hex/Tmut       0%         3d3       89%         5
 Discord                  Hex            0%         N/A       100%        8

Inventory:

Hand Weapons
 a - a +2 spear (weapon)
Missiles
 b - 65 arrows
 e - 50 stones
 j - 8 poisoned darts
Jewellery
 v - a ring of see invisible (left tentacle)
   (You found it on level 1 of the Abyss)
 D - a +6 ring of dexterity (on tentacle)
   (You found it on level 1 of the Dungeon)
 Z - a ring of wizardry (right tentacle)
   (You found it on level 1 of the Dungeon)
Scrolls
 d - a scroll of enchant weapon
 h - 2 scrolls of teleportation {@r4}
Potions
 g - a potion of mutation {unknown}
 i - a potion of attraction {unknown}

Dungeon Overview and Level Annotations

Branches:
Dungeon (3/15)              Sewer (visited)

Altars:

Shops:
D:1

[ ################.###
#.#......o..
.................#
#.#.....o...
####............##
#.#...o.....
..##...........)#
#.#...o.....
#..'............#
#.#...######
####............# #.#...#
...'............# #.#...#
####............######.#...#
######..#....@o..o..##'##
#..#.#####.........# #..#.#
#.........#### #######..#.#
#............# #.....)..#)#
###............#
#.#####.##.#
#..............# #.# #....#
##.............# #.# #.##.#
#.#####'#'##### #.# #.##)#
#.# #.#.#


You could see an orc priest and an orc.


Message History

The orc wizard casts a spell at you. The puff of flame misses you. 😕 HP[+1]
You hit the orc wizard.
You kill the orc wizard!
Lugonu accepts your kill.
Things that are here:
a +0 dagger; a +0 robe; an orc corpse Key pressed, stopping explore.
Things that are here:
a +0 dagger; a +0 robe; an orc corpse
Things that are here:
a +0 dagger; an orc corpse; 😎 HP[+3] MP[+8]
Your hp is fully restored (36).
Your mp is fully restored (8).
An orc is nearby!
An orc is nearby!
The magic dart hits the orc. 😎 MP[-1]
You lost 1 mp, and now have 7/8 mp.
The magic dart hits the orc. 😎 MP[-1]
You lost 1 mp, and now have 6/8 mp.
The magic dart hits the orc. 😎 MP[-1]
You lost 1 mp, and now have 5/8 mp.
The magic dart hits the orc.
You kill the orc!
Lugonu accepts your kill. 😎 MP[-1]
You lost 1 mp, and now have 4/8 mp.
You can't see any susceptible monsters within range! (Use Z to cast anyway.)
An orc priest is nearby! 😎 MP[+1]
The magic dart hits the orc priest but does no damage.
The orc priest shouts!
You hear a shout! 😎 MP[-1]
You lost 1 mp, and now have 4/8 mp.
The magic dart hits the orc priest but does no damage. 😎 MP[-1]
You lost 1 mp, and now have 3/8 mp.
The magic dart hits the orc priest.
The orc priest mumbles some strange prayers to Beogh against you.
Beogh smites you! 😮 HP[-12] MP[-1]
You take 12 damage, and now have 24/36 hp.
MASSIVE DAMAGE!! (PAUSE)
You lost 1 mp, and now have 2/8 mp.
You are too injured to fight recklessly!
Casting: Magic Dart (safe; 2% risk of failure)
Confirm with . or Enter, or press ? or * to list all spells.
Aiming: Magic Dart (safe; 2% risk of failure)
Press: ? - help, Shift-Dir - straight line, f/p - orc priest
Aim: an orc priest, wielding a +0 short sword of speed and wearing a +0 ring mail (moderately wounded, 100% to hit)
The magic dart hits the orc priest but does no damage. 😮 MP[-1]
You lost 1 mp, and now have 1/8 mp.
Casting: Magic Dart (safe; 2% risk of failure)
Confirm with . or Enter, or press ? or * to list all spells.
Aiming: Magic Dart (safe; 2% risk of failure)
Press: ? - help, Shift-Dir - straight line, f/p - orc priest
Aim: an orc priest, wielding a +0 short sword of speed and wearing a +0 ring mail (moderately wounded, 100% to hit)
The magic dart hits the orc priest but does no damage. 😮 MP[-1]
You lost 1 mp, and now have 0/8 mp.
The orc priest calls down the wrath of Beogh upon you.
Beogh smites you!
* * * LOW HITPOINT WARNING * * *
😨 HP[-12]
You take 12 damage, and now have 12/36 hp.
MASSIVE DAMAGE!! (PAUSE)
You hit the orc priest but do no damage.
You grab the orc priest.
You constrict the orc priest, but do no damage.
The orc priest calls down the wrath of Beogh upon you.
Beogh smites you!
* * * LOW HITPOINT WARNING * * *
😱 HP[-10]
You take 10 damage, and now have 2/36 hp.
MASSIVE DAMAGE!! (PAUSE)
Okay, then.
Okay, then.
Okay, then.
Okay, then.
Unknown command.
Okay, then.
Press: ? - help, v - describe, . - travel
Here: an orc priest, wielding a +0 short sword of speed and wearing a +0 ring mail (moderately wounded, constricted by you)
The floor.
It was a potion of flight.
You feel very buoyant.
You fly up into the air.
You constrict the orc priest, but do no damage.
The orc priest closely misses you. 😱 MP[+1] It was a potion of curing.
You feel better.
You constrict the orc priest, but do no damage.
The orc priest barely misses you.
The orc priest mumbles some strange prayers to Beogh against you.
Beogh smites you!
You die...

Skill      XL: |  1  2  3  4  5 |
---------------+----------------+-----
Conjurations   | 1 2 3 |  3.2
Spellcasting   | 1 2 |  2.2
Invocations    | 3 |  3.5
Fighting       | |  3.0
Polearms       | |  2.0
Dodging        | |  2.4

Action                   |  1- 3 |  4- 6 || total
-------------------------+-------+-------++-------
Melee: Spear             |    56 |    33 ||    89
       Tentacles         |     5 |     7 ||    12
       Constrict         |    11 |    13 ||    24
 Cast: Magic Dart        |    17 |    46 ||    63
       Beastly Appendage |     1 |     1 ||     2
Invok: Depart the Abyss  |     1 |       ||     1
  Use: Scroll            |     4 |     2 ||     6
       Potion            |       |     2 ||     2
 Stab: Sleeping          |     5 |     1 ||     6
Armor: Skin              |     1 |     1 ||     2
Dodge: Dodged            |    16 |    26 ||    42

Levels and vault maps discovered:
D:1:      minmay_arrival_stone_box, layout_rooms, shapermc_ecumenical_altar_gd,
          serial_shops, nicolae_shop_stone
D:2:      layout_rooms, corexii_shack
D:3:      layout_basic, portal_sewer_entry_d, kennysheep_generic_room_13

Notes
Turn   | Place    | Note
-------+----------+-------------------------------------------
     0 | Abyss:1  | spiderkeys the Octopode Abyssal Knight began the quest for
                  | the Orb.
     0 | Abyss:1  | Reached XP level 1. HP: 16/16 MP: 2/2
     0 | Abyss:1  | magus.rc [v1.9.10]
    50 | Abyss:1  | Found a corrupted altar of Lugonu.
   121 | Abyss:1  | Noticed a wretched star
   121 | Abyss:1  | Noticed a small abomination
   127 | Abyss:1  | Noticed a flying skull
   128 | D:1      | You pass through the gate.
   128 | D:1      | Escaped the Abyss
   128 | D:1      | Found Ekitarul's Antique Armour Shoppe.
   163 | D:1      | You pick up a book of Minor Magic and begin reading...
   163 | D:1      | You add the spells Magic Dart, Blink, Call Imp, Slow,
                  | Conjure Flame and Mephitic Cloud to your library.
   316 | D:1      | Reached * piety under Lugonu
   317 | D:1      | Reached XP level 2. HP: 21/21 MP: 3/3
   319 | D:1      | Learned a level 1 spell: Magic Dart
   492 | D:1      | Found a faded altar of an unknown god.
   704 | D:2      | Reached skill level 1 in Conjurations
   710 | D:2      | Reached skill level 1 in Spellcasting
   770 | D:2      | Reached XP level 3. HP: 26/26 MP: 4/4
  1371 | D:2      | Identified a scroll of acquirement
  1371 | D:2      | Acquired a book of Changes
  1372 | D:2      | You pick up a book of Changes and begin reading...
  1372 | D:2      | You add the spells Beastly Appendage, Wereblood, Spider
                  | Form and Ice Form to your library.
  1375 | D:2      | Learned a level 1 spell: Beastly Appendage
  1428 | D:3      | You pick up a book of Geomancy and begin reading...
  1428 | D:3      | You add the spells Sandblast, Passwall, Stone Arrow,
                  | Petrify and Lee's Rapid Deconstruction to your library.
  1433 | D:3      | Found a glowing drain.
  1447 | Sewer    | Entered a sewer
  1521 | Sewer    | Reached skill level 2 in Conjurations
  1521 | Sewer    | Reached XP level 4. HP: 27/31 MP: 1/6
  1622 | Sewer    | Reached skill level 3 in Invocations
  1788 | Sewer    | Noticed a bullfrog
  1797 | Sewer    | Killed a bullfrog
  1797 | Sewer    | Reached ** piety under Lugonu
  1798 | Sewer    | Reached skill level 2 in Spellcasting
  1798 | Sewer    | Reached XP level 5. HP: 29/36 MP: 4/8
  1858 | Sewer    | You pick up a book of Hexes and begin reading...
  1858 | Sewer    | You add the spells Cause Fear, Yara's Violent Unravelling,
                  | Silence and Discord to your library.
  1967 | Sewer    | Reached skill level 3 in Conjurations
  2661 | D:3      | HP: 2/36 [orc priest/divine providence (10)]
  2663 | D:3      | Killed from afar by an orc priest

Vanquished Creatures
  A bullfrog (Sewer)
  An orc wizard (D:3)
  3 adders
  2 worms
  A dart slug (D:2)
  3 orcs
  8 ball pythons
  4 bats
  3 endoplasms (D:1)
  4 giant cockroaches
  3 goblins
  4 hobgoblins
  4 jackals (D:2)
  2 kobolds
  6 quokkas (Sewer)
  4 frilled lizards
  6 rats
59 creatures vanquished.

Table legend:
 A = Non-vault XP
 B = Vault XP
 C = Vault XP percentage of total XP
 D = Non-vault monster count
 E = Vault monster count
 F = Vault count percentage of total count
                 A         B        C        D         E       F
            +---------+---------+-------+---------+---------+-------
      Total |     108 |     162 |  60.0 |      39 |      20 |  33.9
            +---------+---------+-------+---------+---------+-------
        D:1 |      24 |       0 |   0.0 |      13 |       0 |   0.0
        D:2 |      26 |       3 |  10.3 |      14 |       1 |   6.7
        D:3 |      58 |      13 |  18.3 |      12 |       1 |   7.7
      Sewer |       0 |     146 | 100.0 |       0 |      18 | 100.0
            +---------+---------+-------+---------+---------+-------

Illustrated notes

Table legend:
 A = Kills in this place as a percentage of kills in entire the game.
 B = Kills by you in this place as a percentage of kills by you in the entire game.
 C = Kills by friends in this place as a percentage of kills by friends in the entire game.
 D = Other kills in this place as a percentage of other kills in the entire game.
 E = Experience gained in this place as a percentage of experience gained in the entire game.
 F = Experience gained in this place divided by the number of levels of this place that you have seen.
                   A       B       C       D       E      F
               +-------+-------+-------+-------+-------+----------------------
         Total | 100.0 | 100.0 |   N/A |   N/A | 100.0 |  54.0
       Dungeon |  69.5 |  69.5 |   N/A |   N/A |  45.9 |  41.3
         Sewer |  30.5 |  30.5 |   N/A |   N/A |  54.1 | 146.0
               +-------+-------+-------+-------+-------+----------------------

Table legend: (Time is in decaauts)
 A = Elapsed time spent in this place.
 B = Non-inter-level travel time spent in this place.
 C = Inter-level travel time spent in this place.
 D = Time resting spent in this place.
 E = Time spent auto-exploring this place.
 F = Levels seen in this place.
 G = Mean time per level.
                   A        B        C        D        E       F      G
               +--------+--------+--------+--------+--------+-----+--------+
         Total |   2670 |   2629 |     41 |     45 |   2001 |   5 |  534.0 |
       Dungeon |   1929 |   1888 |     41 |      2 |   1585 |   3 |  643.0 |
         Abyss |    127 |    127 |      0 |      0 |      0 |   1 |  127.0 |
         Sewer |    613 |    613 |      0 |     43 |    416 |   1 |  613.0 |
               +--------+--------+--------+--------+--------+-----+--------+

Top non-repeatable levels by time:
     D:2: 702 daAuts
     D:3: 653 daAuts
   Sewer: 613 daAuts
     D:1: 573 daAuts
 Abyss:1: 127 daAuts
